 Dungeon Crawl Stone Soup version 0.29.1-15-g9cfb28693d (webtiles) character file.

Game seed: 16249515138244637399

4163 Heoruswealwe the Thaumaturge (level 10, -6/50 HPs)
             Began as a Deep Elf Earth Elementalist on Apr 9, 2023.
             Was an Elder of Vehumet.
             Mangled by a boulder beetle (21 damage)
             ... on level 8 of the Dungeon.
             The game lasted 00:53:30 (6007 turns).

Heoruswealwe the Thaumaturge (DEEE)                 Turns: 6007, Time: 00:53:33

Health: -6/50      AC:  8    Str:  5    XL:     10   Next: 7%
Magic:  28/29      EV: 12    Int: 25    God:    Vehumet [****..]
Gold:   520        SH:  5    Dex: 15    Spells: 25/36 levels left

rFire   . . .      SeeInvis .   o - +5 falchion (elec)
rCold   . . .      Faith    .   (no shield)
rNeg    . . .      Spirit   .   y - +2 robe {Archmagi}
rPois   .          Reflect  +   (no helmet)
rElec   .          Harm     .   B - +1 cloak
rCorr   .          Rampage  .   h - +0 pair of gloves
Will    ++...      Archmagi +   r - +0 pair of boots
Stlth   ++........              w - amulet of reflection
HPRegen 0.16/turn               d - ring of willpower
MPRegen 0.21/turn               p - ring of wizardry

@: no status effects
A: no striking features
a: Renounce Religion


You were on level 8 of the Dungeon.
You worshipped Vehumet.
Vehumet was greatly pleased with you.
You visited 2 branches of the dungeon, and saw 9 of its levels.

You collected 548 gold pieces.
You spent 28 gold pieces at shops.

Inventory:

Hand Weapons
 o - a +5 falchion of electrocution (weapon)
Armour
 h - a +0 pair of gloves (worn)
 r - a +0 pair of boots (worn)
 y - a +2 robe of the Archmagi (worn)
 B - a +1 cloak (worn)
Jewellery
 d - a ring of willpower (left hand)
 k - a +4 ring of protection
 p - a ring of wizardry (right hand)
 w - an amulet of reflection (around neck)
Wands
 q - a wand of flame (28)
 u - a wand of mindburst (5)
Scrolls
 c - 2 scrolls of teleportation
 e - 2 scrolls of amnesia
 g - 9 scrolls of enchant weapon
 m - 2 scrolls of blinking
 n - 3 scrolls of enchant armour
 x - a scroll of fear
 C - a scroll of poison {unknown}
Potions
 a - a potion of resistance
 b - 2 potions of magic
 f - 2 potions of haste
 i - 2 potions of lignification
 j - 3 potions of attraction {unknown}
 l - 2 potions of heal wounds
 s - a potion of brilliance {unknown}
 t - a potion of ambrosia {unknown}
 v - 8 potions of curing {unknown}
 z - a potion of might {unknown}
 A - a potion of mutation {unknown}


   Skills:
 - Level 2.4 Dodging
 - Level 2.4 Stealth
 + Level 13.6 Spellcasting
 - Level 1.1 Transmutations
 + Level 11.7 Earth Magic


You had 25 spell levels left.
You knew the following spells:

 Your Spells              Type           Power      Damage    Failure   Level
a - Sandblast             Erth           100%       2d20      1%          1
b - Stone Arrow           Conj/Erth      100%       3d13      1%          3
c - Petrify               Tmut/Erth      65%        N/A       1%          4
d - Magic Dart            Conj           100%       1d8       1%          1
z - Passwall              Tmut/Erth      54%        N/A       1%          2

Your spell library contained the following spells:

 Spells                   Type           Power      Damage    Failure   Level
 Sticky Flame             Conj/Fire      25%        2d5       4%          4
 Sting                    Tmut/Pois      100%       1d8       1%          1
 Poisonous Vapours        Pois/Air       50%        N/A       1%          2
 Wereblood                Tmut           33%        N/A       1%          2
 Ignite Poison            Fire/Tmut/Pois 28%        N/A       1%          3
 Mephitic Cloud           Conj/Pois/Air  25%        N/A       1%          3
 Sublimation of Blood     Necr           25%        N/A       2%          2
 Olgreb's Toxic Radiance  Pois           25%        N/A       4%          4
 Freezing Cloud           Conj/Ice/Air   12%        6-21      11%         5
 Summon Hydra             Summ           12%        N/A       100%        7


Dungeon Overview and Level Annotations

Branches:
Dungeon (8/15)             Temple (1/1) D:7
   Lair: D:8-11

Altars:
Ashenzari
Cheibriados
Dithmenos
Elyvilon
Fedhas
Gozag
Hepliaklqana
Kikubaaqudgha
Makhleb
Nemelex Xobeh
Okawaru
Qazlal
Ru
Sif Muna
Trog
Uskayaw
Vehumet
Wu Jian
Xom
Yredelemnul
Zin
The Shining One

Shops:
D:1 *   D:5 *


Message History

You see here a tin of tremorstones (2/2).
You feel a surge of power!
The blast of sand hits something.
The centaur warrior shouts!
The centaur warrior wields a +0 shortbow.
The centaur warrior shoots an arrow.
Reactivating autopickup.
You feel a bit more experienced.
The centaur warrior shoots an arrow.
The arrow closely misses you.
You feel a surge of power!
The blast of sand hits the centaur warrior!!
The centaur warrior is heavily wounded.
The centaur warrior shoots an arrow.
The arrow hits you!
A boulder beetle comes into view.
The centaur warrior shoots an arrow.
The arrow barely misses you.
The boulder beetle curls into a ball and begins rolling!
You feel a surge of power!
The blast of sand hits the centaur warrior!
The centaur warrior is heavily wounded.
The centaur warrior shoots an arrow.
You reflect the arrow off an invisible shield around you!
The arrow hits the centaur warrior!
You feel a surge of power!
The blast of sand hits the centaur warrior!!
You kill the centaur warrior!
Vehumet accepts your kill.
Vehumet is now extending the range of your destructive spells.
You feel your power returning. The boulder beetle closely misses you.
The boulder beetle stops rolling and uncurls.
You have reached level 10!
You feel a surge of power!
The blast of sand hits the boulder beetle!
The boulder beetle is lightly wounded.
The boulder beetle closely misses you.
You feel a surge of power!
The blast of sand hits the boulder beetle but does no damage.
The boulder beetle is lightly wounded.
The boulder beetle bites you!!
* * * LOW HITPOINT WARNING * * *
The boulder beetle bites you!!
You die...

#...###......##.#..............
#.....#)....##########.....
#.##....)(###########..####
#..###..###.#.......#.##
##...####..########...#
##.......###.. ##..##
##.....###$# ##..#
###.....###|# ##.#
##.....####@# #.#
##..#....##.#B# #.####
##..##.....#.##)# #.....
#....#........#.# #.....
#.##.....##...# = #.....
#.##......#..#.##. ##.....
#....#....#.###.### ##......
#....#..#...# #). ##..##'##
##...#.##..## .#######........


You could see a boulder beetle.

Vanquished Creatures
  A centaur warrior (D:8)
  5 yaks (D:5)
  A steam dragon (D:8)
  Eustachio (D:5)
  A water moccasin (D:6)
  2 ice beasts
  A sky beast (D:7)
  An orc warrior (D:7)
  An ogre (D:6)
  A black bear (D:6)
  A centaur (D:6)
  A phantom (D:5)
  Blork the orc (D:5)
  A kobold brigand (D:6)
  A bullfrog (D:6)
  3 scorpions
  2 necrophages
  5 wights (D:8)
  5 hounds
  A gnoll bouda (D:7)
  2 orc priests (D:7)
  Crazy Yiuf (D:3)
  2 jellies
  Jessica (D:3)
  9 iguanas
  3 orc wizards
  12 gnolls
  9 adders
  A shadow imp (D:8)
  An ufetubus (D:7)
  A worm (D:4)
  5 dart slugs
  22 orcs
  7 bats
  3 endoplasms
  2 giant cockroaches
  16 goblins
  9 hobgoblins
  5 jackals
  15 kobolds
  3 quokkas
  4 ball pythons
  A frilled lizard (D:2)
  2 rats
  11 bushes (D:7)
183 creatures vanquished.

Vanquished Creatures (others)
  A shadow (D:8)
1 creature vanquished.

Grand Total: 184 creatures vanquished

Notes
Turn   | Place    | Note
-------+----------+-------------------------------------------
     0 | D:1      | Heoruswealwe the Deep Elf Earth Elementalist began the
                  | quest for the Orb.
     0 | D:1      | Reached XP level 1. HP: 10/10 MP: 6/6
    46 | D:1      | Found Vaelu's General Store.
    59 | D:1      | Reached XP level 2. HP: 15/15 MP: 0/8
   137 | D:1      | Found a faded altar of an unknown god.
   277 | D:1      | Prayed at the altar of an unknown god.
   277 | D:1      | Became a worshipper of Uskayaw the Reveller
   277 | D:1      | Reached * piety under Uskayaw
   278 | D:1      | Fell from the grace of Uskayaw
   307 | D:1      | Bought a scroll of identify for 28 gold pieces
   369 | D:1      | Reached skill level 4 in Spellcasting
   497 | D:2      | Reached XP level 3. HP: 19/19 MP: 8/10
  1382 | D:3      | Reached XP level 4. HP: 24/24 MP: 8/12
  1386 | D:3      | Learned a level 3 spell: Stone Arrow
  1391 | D:3      | Learned a level 4 spell: Petrify
  1394 | D:3      | Learned a level 2 spell: Passwall
  1448 | D:3      | Found a radiant altar of Vehumet.
  1468 | D:3      | Became a worshipper of Vehumet
  1496 | D:3      | Found a runed translucent door.
  1497 | D:3      | Noticed Crazy Yiuf
  1504 | D:3      | Killed Crazy Yiuf
  1505 | D:3      | Reached skill level 5 in Spellcasting
  1585 | D:3      | Noticed Jessica
  1590 | D:3      | Killed Jessica
  1684 | D:3      | Reached skill level 5 in Earth Magic
  1712 | D:3      | Reached XP level 5. HP: 18/28 MP: 7/14
  2066 | D:4      | Reached * piety under Vehumet
  2066 | D:4      | Offered knowledge of Magic Dart by Vehumet.
  2069 | D:4      | Learned a level 1 spell: Magic Dart
  2132 | D:4      | Reached skill level 6 in Spellcasting
  2168 | D:4      | Noticed an ice beast
  2172 | D:4      | Killed an ice beast
  2173 | D:4      | Reached XP level 6. HP: 16/32 MP: 12/17
  2214 | D:4      | Reached skill level 7 in Spellcasting
  2533 | D:4      | Found a hide-covered altar of Uskayaw.
  2690 | D:5      | Entered Level 5 of the Dungeon
  2703 | D:5      | Reached XP level 7. HP: 36/36 MP: 17/19
  2807 | D:5      | Noticed Blork the orc
  2814 | D:5      | Killed Blork the orc
  2817 | D:5      | Reached skill level 8 in Spellcasting
  2887 | D:5      | Reached ** piety under Vehumet
  2888 | D:5      | Found Degat's Neck Hole.
  3027 | D:5      | Offered knowledge of Foxfire by Vehumet.
  3205 | D:5      | Noticed a yak
  3205 | D:5      | Noticed a yak
  3206 | D:5      | Noticed a yak
  3206 | D:5      | Noticed a yak
  3207 | D:5      | Noticed a yak
  3216 | D:5      | Killed a yak
  3217 | D:5      | Reached skill level 9 in Spellcasting
  3217 | D:5      | Reached XP level 8. HP: 35/41 MP: 19/23
  3225 | D:5      | Reached skill level 10 in Spellcasting
  3379 | D:5      | Noticed Eustachio
  3383 | D:5      | Killed Eustachio
  3777 | D:5      | Reached skill level 11 in Spellcasting
  4002 | D:6      | Reached XP level 9. HP: 45/45 MP: 23/26
  4070 | D:6      | Offered knowledge of Frozen Ramparts by Vehumet.
  4186 | D:6      | Reached skill level 10 in Earth Magic
  4260 | D:6      | Paralysed by the fury of Uskayaw for 3 turns
  4293 | D:6      | Reached skill level 12 in Spellcasting
  4590 | D:7      | Reached *** piety under Vehumet
  5095 | D:7      | Found a staircase to the Ecumenical Temple.
  5309 | Temple   | Entered the Ecumenical Temple
  5440 | D:7      | Offered knowledge of Sticky Flame by Vehumet.
  5734 | D:8      | Found a glowing silver altar of Zin.
  5740 | D:8      | Found a shadowy altar of Dithmenos.
  5746 | D:8      | Found a bloodstained altar of Trog.
  5822 | D:8      | Reached skill level 13 in Spellcasting
  6001 | D:8      | Noticed a centaur warrior
  6003 | D:8      | Noticed a boulder beetle
  6005 | D:8      | Killed a centaur warrior
  6005 | D:8      | Reached **** piety under Vehumet
  6006 | D:8      | Reached XP level 10. HP: 37/50 MP: 29/29
  6007 | D:8      | Mangled by a boulder beetle

Illustrated notes

Levels and vault maps discovered:
D:1:      eino_arrival_water_star, layout_rooms, serial_shops, shop_statue,
          hellmonk_ecumenical_altar_blasted
D:2:      layout_loops_corners
D:3:      cheibrodos_greedy_goblins, layout_loops_cross,
          mainiacjoe_overflow_alcove_1, uniq_jessica, uniq_crazy_yiuf_cottage
D:4:      layout_loops_ring, mainiacjoe_overflow_catwalk
D:5:      cheibrodos_quashed, layout_layer_cave,
          nicolae_shop_sticking_my_neck_out, uniq_eustachio, uniq_blork_the_orc
D:6:      layout_loops_ring, corexii_item_surrounded_by_moat
D:7:      layout_loops_corners, minmay_temple_entry_enclosed_plants, st_stairs_4
D:8:      minmay_the_grid_octo_triangle [minmay_the_grid_octo_tetromino_candy,
          minmay_the_grid_octo_prize_single_spiral,
          minmay_the_grid_octo_odd_swirl], layout_gridville,
          grunt_temple_overflow_diamond, grunt_lair_entry_orc_guard_hut,
          serial_shops, nicolae_square_shop
Temple:   sentei_temple_godly_chess

Skill      XL: |  1  2  3  4  5  6  7  8  9 |
---------------+----------------------------+-----
Spellcasting   | 4 5 6 7 9 11 13 | 13.6
Earth Magic    | 4 5 6 8 9 11 | 11.7
Dodging        | |  2.4
Stealth        | |  2.4
Transmutations | |  1.1

Action                   |  1- 3 |  4- 6 |  7- 9 | 10-12 || total
-------------------------+-------+-------+-------+-------++-------
Melee: Falchion          |       |       |   196 |       ||   196
       Punch             |       |       |     6 |       ||     6
 Cast: Sandblast         |    50 |    74 |   146 |     2 ||   272
       Passwall          |       |       |     1 |       ||     1
Invok: Renounce Religion |     1 |       |       |       ||     1
  Use: Scroll            |     6 |       |     4 |       ||    10
       Potion            |       |       |     1 |       ||     1
Armor: Robe              |     2 |     9 |    27 |       ||    38
Dodge: Dodged            |     8 |    19 |    30 |     1 ||    58
Block: Other             |       |       |     1 |       ||     1
       Reflection        |       |       |     1 |       ||     1
